 Dungeon Crawl Stone Soup version 0.30-a0-12-gd8047c6341 (webtiles) character file.

Game seed: 4506180513036755209

33 IdlyInterested the Digger (level 3, -1/27 HPs)
             Began as a Demonspawn Wanderer on Aug 23, 2022.
             Slain by Robin
             ... wielding a +4 vampiric whip
              (3 damage)
             ... on level 2 of the Dungeon.
             The game lasted 00:04:24 (1278 turns).

IdlyInterested the Digger (Demonspawn Wanderer)     Turns: 1278, Time: 00:04:25

Health: -1/27      AC:  7    Str: 13    XL:     3   Next: 12%
Magic:  5/5        EV: 11    Int: 12    God:
Gold:   27         SH:  4    Dex: 16    Spells: 3/4 levels left

rFire   . . .      SeeInvis .    l - +0 rapier
rCold   . . .      Faith    .    c - +0 buckler {AC+3}
rNeg    . . .      Spirit   .    e - +0 robe
rPois   .          Reflect  .    (helmet restricted)
rElec   .          Harm     .    (no cloak)
rCorr   .          Rampage  .    (no gloves)
Will    .....                    (no boots)
Stlth   +.........               (no amulet)
HPRegen 0.09/turn                (no ring)
MPRegen 0.09/turn                (no ring)

@: hasted, very quick
A: antennae 1, slimy green scales 1, strong 1
a: no special abilities


You were on level 2 of the Dungeon.
You visited 1 branch of the dungeon, and saw 2 of its levels.

You collected 27 gold pieces.

Inventory:

Hand Weapons
 a - a +0 dagger
 l - a +0 rapier (weapon)
Missiles
 b - 13 poisoned darts
Armour
 c - a +0 buckler of protection (worn)
 e - a +0 robe (worn)
Scrolls
 d - 2 scrolls of fog
 f - 2 scrolls of blinking {unknown}
 h - 3 scrolls of teleportation {unknown}
 i - 4 scrolls of identify {unknown}
 m - a scroll of silence {unknown}
 o - a scroll of noise {unknown}
Potions
 k - a potion of lignification {unknown}


   Skills:
 + Level 2.3 Fighting
 - Level 1.7 Throwing
 * Level 1.3 Dodging
 - Level 1.7 Shields
 + Level 1.3 Spellcasting
 * Level 2.3 Earth Magic
 - Level 1.0 Evocations


You had 3 spell levels left.
You knew the following spells:

 Your Spells              Type           Power      Damage    Failure   Level
a - Sandblast             Erth           12%        2d6       14%         1

Your spell library contained the following spells:

 Spells                   Type           Power      Damage    Failure   Level
 Stone Arrow              Conj/Erth      6%         3d7       56%         3


Dungeon Overview and Level Annotations

Branches:
Dungeon (2/15)

Altars:

Annotations:
D:2 Robin


Innate Abilities, Weirdness & Mutations

You have a pair of small antennae on your head.
You are partially covered in slimy green scales. (AC +2)
Your muscles are strong. (Str +4, Int/Dex -1)


Message History

Robin closely misses you.
You hit Robin.
Robin is heavily wounded.
Robin hits you with a +4 vampiric whip. Robin draws strength from your wounds!
You hit Robin.
Robin is moderately wounded.
You barely miss Robin.
Robin is moderately wounded.
Robin hits you with a +4 vampiric whip.
You hit Robin.
Robin is heavily wounded.
Robin throws the goblin at you!
You miss the goblin. You block the goblin's attack.
Robin hits you with a +4 vampiric whip.
* * * LOW HITPOINT WARNING * * *
You puncture the goblin!
You kill the goblin!
You block Robin's attack.
You hit Robin.
Robin is severely wounded.
Robin hits you but does no damage.
You barely miss Robin.
Robin is severely wounded.
You block Robin's attack.
You barely miss Robin.
Robin is severely wounded.
You closely miss Robin.
Robin is severely wounded.
Robin barely misses you.
You hit Robin but do no damage.
Robin is severely wounded.
Robin closely misses you.
You hit Robin.
Robin is almost dead.
Robin hits you with a +4 vampiric whip.
* * * LOW HITPOINT WARNING * * *
It was a potion of mutation.
You feel extremely strange.
You feel stronger. Robin hits you with a +4 vampiric whip.
You die...

#.# #.# #.#
#.# #.# #.#
#)# #@# ##g##
#.lg####.#...
#....<.......
#...#......#.
#####.##.#.#
#.# #


ggg .g# You could see Robin, a hobgoblin (strong) and a frilled lizard.

Vanquished Creatures
  A dart slug (D:1)
  3 endoplasms (D:1)
  2 giant cockroaches
  9 goblins (D:2)
  4 hobgoblins (D:1)
  A kobold (D:1)
  A quokka (D:1)
  2 bats (D:1)
  2 frilled lizards (D:1)
  2 rats (D:1)
27 creatures vanquished.

Notes
Turn   | Place    | Note
-------+----------+-------------------------------------------
     0 | D:1      | IdlyInterested the Demonspawn Wanderer began the quest for
                  | the Orb.
     0 | D:1      | IdlyInterested set off with the following items: a +0
                  | dagger, 13 poisoned darts, a +0 buckler of protection, a
                  | scroll of fog, a +0 robe; and the following spell
                  | memorised: Sandblast; and the following spells available to
                  | memorise: Stone Arrow.
     0 | D:1      | Reached XP level 1. HP: 16/16 MP: 2/2
   412 | D:1      | Gained mutation: You have a pair of small antennae on your
                  | head. [demonic ancestry]
   412 | D:1      | Reached XP level 2. HP: 22/22 MP: 3/3
   540 | D:1      | Reached skill level 1 in Dodging
  1236 | D:2      | Noticed Robin
  1253 | D:2      | Gained mutation: You are partially covered in slimy green
                  | scales. (AC +2) [demonic ancestry]
  1253 | D:2      | Reached XP level 3. HP: 6/27 MP: 1/4
  1278 | D:2      | Gained mutation: Your muscles are strong. (Str +4, Int/Dex
                  | -1) [potion of mutation]
  1278 | D:2      | Slain by Robin

Illustrated notes

Levels and vault maps discovered:
D:1:      amcnicky_arrival_single_pillar, layout_basic, minmay_misc_feat_roman,
          due_unseen_surprise
D:2:      layout_loops_ring, basic_altar, minmay_small_reverse_x, uniq_robin

Skill      XL: |  1  2 |
---------------+-------+-----
Earth Magic    | 2 |  2.3
Dodging        | 1 |  1.3
Fighting       | |  2.3
Throwing       | |  1.7
Shields        | |  1.7
Spellcasting   | |  1.3
Evocations     | |  1.0

Action                   || total
-------------------------++-------
Melee: Dagger            ||    22
       Rapier            ||    38
 Cast: Sandblast         ||    18
  Use: Potion            ||     3
 Stab: Sleeping          ||     2
Armor: Robe              ||    19
Dodge: Dodged            ||    24
Block: Buckler           ||    13

Table legend: (Time is in decaauts)
 A = Elapsed time spent in this place.
 B = Non-inter-level travel time spent in this place.
 C = Inter-level travel time spent in this place.
 D = Time resting spent in this place.
 E = Time spent auto-exploring this place.
 F = Levels seen in this place.
 G = Mean time per level.
                   A        B        C        D        E       F      G
               +--------+--------+--------+--------+--------+-----+--------+
         Total |   1285 |   1174 |    111 |    201 |    756 |   2 |  642.5 |
       Dungeon |   1285 |   1174 |    111 |    201 |    756 |   2 |  642.5 |
               +--------+--------+--------+--------+--------+-----+--------+

Top non-repeatable levels by time:
     D:1: 1235 daAuts
     D:2: 50 daAuts
